 Dungeon Crawl Stone Soup version 0.30-a0-439-g9e77e4d916 (webtiles) character file.

Game seed: 12043801362329192552

249 PyroL the Grave Robber (level 5, 0/35 HPs)
             Began as a Demonspawn Necromancer on Dec 10, 2022.
             Slain by Duvessa
             ... wielding a +0 short sword
              (5 damage)
             ... on level 4 of the Dungeon.
             The game lasted 00:08:34 (3786 turns).

PyroL the Grave Robber (Demonspawn Necromancer)     Turns: 3786, Time: 00:08:35

Health: 0/35       AC:  2    Str:  9    XL:     5   Next: 86%
Magic:  1/11       EV: 17    Int: 18    God:
Gold:   144        SH:  0    Dex: 13    Spells: 4/12 levels left

rFire   . . .      SeeInvis .    d - +5 dagger "Waegop" {vorpal, rPois}
rCold   . . .      Faith    .    (no shield)
rNeg    . . .      Spirit   .    a - +0 robe
rPois   +          Reflect  .    (no helmet)
rElec   .          Harm     .    (no cloak)
rCorr   .          Rampage  .    (no gloves)
Will    .....                    (no boots)
Stlth   ++........               o - amulet of the acrobat
HPRegen 0.25/turn                (no ring)
MPRegen 0.12/turn                (no ring)

@: agile
A: powered by death 1, powered by pain 1
a: no special abilities


You were on level 4 of the Dungeon.
You visited 1 branch of the dungeon, and saw 4 of its levels.

You collected 144 gold pieces.

Inventory:

Hand Weapons
 d - the +5 dagger "Waegop" (weapon) {vorpal, rPois}
   (You found it on level 2 of the Dungeon)

   It inflicts extra damage upon your enemies.
   rPois:     It protects you from poison.
Missiles
 v - 4 poisoned darts
Armour
 a - a +0 robe (worn)
Magical Staves
 g - a staff of death
Jewellery
 o - an amulet of the acrobat (around neck)
Wands
 j - a wand of polymorph (6)
 q - a wand of flame (20)
Scrolls
 e - 3 scrolls of identify {unknown}
 f - 4 scrolls of noise {unknown}
 h - 2 scrolls of brand weapon {unknown}
 k - 2 scrolls of poison {unknown}
 m - a scroll of torment {unknown}
 p - a scroll of magic mapping {unknown}
 s - a scroll of enchant armour {unknown}
 u - a scroll of teleportation {unknown}
 w - a scroll of amnesia {unknown}
Potions
 c - a potion of flight {unknown}
 i - a potion of cancellation {unknown}
 l - a potion of heal wounds
 n - a potion of attraction {unknown}
 r - a potion of curing
 t - a potion of might {unknown}
 x - a potion of mutation {unknown}


   Skills:
 - Level 1.7 Dodging
 - Level 1.7 Stealth
 + Level 4.2 Spellcasting
 + Level 6.3 Necromancy


You had 4 spell levels left.
You knew the following spells:

 Your Spells              Type           Power      Damage    Failure   Level
a - Necrotise             Necr           100%       1d9       1%          1
b - Vampiric Draining     Necr           26%        2d7       3%          3
c - Animate Dead          Necr           26%        N/A       11%         4

Your spell library contained the following spells:

 Spells                   Type           Power      Damage    Failure   Level
 Wereblood                Tmut           3%         N/A       22%         2
 Kindle Blastsparks       Fire/Tloc/Air  6%         2d10      41%         3
 Ozocubu's Armour         Ice            3%         N/A       41%         3
 Fulminant Prism          Conj/Hex       1%         3d5       82%         4
 Iskenderun's Mystic Bla  Conj/Tloc      3%         2d3       82%         4
 Agony                    Necr           26%        N/A       28%         5
 Lee's Rapid Deconstruct  Erth           1%         3d4*      99%         5
 Ozocubu's Refrigeration  Ice            1%         4d7       100%        7


Dungeon Overview and Level Annotations

Branches:
Dungeon (4/15)
 Temple: D:4-7

Altars:

Annotations:
D:4 Dowan, Duvessa


Innate Abilities, Weirdness & Mutations

You regenerate a little health from kills.
You sometimes gain a little power by taking damage.


Message History

You draw life force from Duvessa!
You feel life coursing into your body. Dowan hits you with a +0 dagger.
Duvessa hits you with a +0 short sword!
* * * LOW HITPOINT WARNING * * *
Unknown command.
Casting: Vampiric Draining (dangerous; 3% risk of failure)
Confirm with . or Enter, or press ? or * to list all spells.
Aiming: Vampiric Draining (dangerous; 3% risk of failure)
Press: ? - help, Shift-Dir - straight line, f/p - Duvessa
Aim: Duvessa, wielding a +0 short sword and wearing a +0 leather armour (moderately wounded)
You draw life force from Duvessa.
You feel life coursing into your body. Dowan hits you but does no damage.
Duvessa hits you with a +0 short sword!
* * * LOW HITPOINT WARNING * * *
Casting: Vampiric Draining (dangerous; 3% risk of failure)
Confirm with . or Enter, or press ? or * to list all spells.
Aiming: Vampiric Draining (dangerous; 3% risk of failure)
Press: ? - help, Shift-Dir - straight line, f/p - Duvessa
Aim: Duvessa, wielding a +0 short sword and wearing a +0 leather armour (heavily wounded)
You draw life force from Duvessa!
You feel life coursing into your body.
Dowan casts a spell at Duvessa.
Duvessa seems to speed up.
Duvessa hits you with a +0 short sword!
* * * LOW HITPOINT WARNING * * *
You focus on the pain.
You feel agile all of a sudden.
Casting: Vampiric Draining (dangerous; 3% risk of failure)
Confirm with . or Enter, or press ? or * to list all spells.
Aiming: Necrotise (safe; 1% risk of failure)
Press: ? - help, Shift-Dir - straight line, f/p - Duvessa
Aim: Duvessa, wielding a +0 short sword and wearing a +0 leather armour (severely wounded, fast, chance to affect: 70%) Duvessa struggles to resist.
Duvessa barely misses you. Dowan completely misses you.
Unknown command.
Casting: Necrotise (safe; 1% risk of failure)
Confirm with . or Enter, or press ? or * to list all spells.
Aiming: Necrotise (safe; 1% risk of failure)
Press: ? - help, Shift-Dir - straight line, f/p - Duvessa
Aim: Duvessa, wielding a +0 short sword and wearing a +0 leather armour (severely wounded, fast, chance to affect: 70%) Duvessa writhes in agony!
Duvessa says, "Where magic fails, the sword succeeds!"
Duvessa hits you with a +0 short sword.
You die...

########..!..... #.....
## #......(..).....
#.....
..##...............
######
..........†.......
#.[.......# #.........#
##........# #.......e#
#......e@#############
#........#...........#
#........|...........#
##...................#
#...................####
#.........##..#######...
#.........###)# ##...##
#.........# #.# #......
#.........# #.# #.#####


You could see Duvessa (fast) and Dowan.

Vanquished Creatures
  An iguana (D:4)
  Robin (D:3)
  7 gnolls (D:3)
  4 adders
  An ufetubus (D:4)
  2 dart slugs
  5 orcs
  7 endoplasms
  3 giant cockroaches
  21 goblins
  6 hobgoblins
  5 jackals
  5 ball pythons
  3 bats
  3 frilled lizards
  8 kobolds
  9 rats
91 creatures vanquished.

Vanquished Creatures (collateral kills)
  A giant cockroach (D:1)
  3 goblins
  A rat (D:1)
5 creatures vanquished.

Vanquished Creatures (others)
  An orc zombie (D:4)
1 creature vanquished.

Grand Total: 97 creatures vanquished

Notes
Turn   | Place    | Note
-------+----------+-------------------------------------------
     0 | D:1      | PyroL the Demonspawn Necromancer began the quest for the
                  | Orb.
     0 | D:1      | Reached XP level 1. HP: 13/13 MP: 3/3
   324 | D:1      | Gained mutation: You sometimes gain a little power by
                  | taking damage. [demonic ancestry]
   324 | D:1      | Reached XP level 2. HP: 19/19 MP: 3/5
   966 | D:2      | Gained mutation: You regenerate a little health from kills.
                  | [demonic ancestry]
   966 | D:2      | Reached XP level 3. HP: 23/24 MP: 0/7
   979 | D:2      | Reached skill level 5 in Necromancy
  1137 | D:2      | Learned a level 3 spell: Vampiric Draining
  1173 | D:2      | Identified the +5 dagger "Waegop" {vorpal, rPois}
  1295 | D:2      | Reached XP level 4. HP: 24/30 MP: 3/8
  1765 | D:3      | Noticed Robin
  2027 | D:3      | Killed Robin
  2216 | D:2      | Learned a level 4 spell: Animate Dead
  2547 | D:3      | Reached XP level 5. HP: 35/35 MP: 5/10
  2667 | D:3      | Reached skill level 6 in Necromancy
  3617 | D:4      | Got the Catalogue of Algid Reformation
  3766 | D:4      | Noticed Dowan
  3767 | D:4      | Noticed Duvessa
  3786 | D:4      | Slain by Duvessa

Illustrated notes

Levels and vault maps discovered:
D:1:      minmay_arrival_arboretum_small, layout_basic, columned_hall_lemuel
D:2:      kennysheep_the_goblin_king, layout_rooms
D:3:      layout_basic, uniq_robin
D:4:      layout_basic, uniq_ijyb, uniq_duvessa

Skill      XL: |  1  2  3  4  5 |
---------------+----------------+-----
Necromancy     | 5 6 |  6.3
Spellcasting   | 3 4 |  4.2
Dodging        | |  1.7
Stealth        | |  1.7

Action                   |  1- 3 |  4- 6 || total
-------------------------+-------+-------++-------
Melee: Unarmed           |    11 |       ||    11
       Punch             |     2 |       ||     2
       Dagger            |    48 |    45 ||    93
 Cast: Necrotise         |    62 |    66 ||   128
       Vampiric Draining |       |    10 ||    10
       Animate Dead      |       |     3 ||     3
  Use: Potion            |       |     2 ||     2
 Stab: Distracted        |     1 |     1 ||     2
Armor: Robe              |    14 |    11 ||    25
Dodge: Dodged            |    50 |    52 ||   102

Table legend: (Time is in decaauts)
 A = Elapsed time spent in this place.
 B = Non-inter-level travel time spent in this place.
 C = Inter-level travel time spent in this place.
 D = Time resting spent in this place.
 E = Time spent auto-exploring this place.
 F = Levels seen in this place.
 G = Mean time per level.
                   A        B        C        D        E       F      G
               +--------+--------+--------+--------+--------+-----+--------+
         Total |   3791 |   3706 |     85 |    958 |   2087 |   4 |  947.8 |
       Dungeon |   3791 |   3706 |     85 |    958 |   2087 |   4 |  947.8 |
               +--------+--------+--------+--------+--------+-----+--------+

Top non-repeatable levels by time:
     D:2: 1356 daAuts
     D:1: 983 daAuts
     D:3: 940 daAuts
     D:4: 510 daAuts
